[Event "Titled Tuesday Blitz April 19 Late 2022"]
[White "Janaszak, Dawid"]
[Black "Buchenau, Frank"]
[WhiteFideId "1119206"]
[BlackFideId "4604350"]
[WhiteElo "2199"]
[BlackElo "2193"]
[Result "1/2-1/2"]
[Round "10"]
[TimeControl "180+1"]
[Date "2022.04.19"]
[WhiteClock "0:00:07"]
[BlackClock "0:00:12"]

1. d4 e6 2. Bf4 Nf6 3. Nf3 d5 4. e3 c5 5. Nbd2 Nc6 6. c3 Bd6 7. Ne5 O-O 8. h4 Qc7 9. Ndf3 Ne4 10. Bd3 f6 11. Nxc6 Bxf4 12. Ne7+ Qxe7 13. exf4 cxd4 14. Bxe4 dxe4 15. Nxd4 e5 16. fxe5 fxe5 17. Ne2 Bd7 18. Qd5+ Kh8 19. Qxe4 Bc6 20. Qg4 Rad8 21. O-O Rd2 22. b3 Qc5 23. b4 Qd5 24. c4 Qd3 25. Ng3 Qd4 26. Qxd4 Rxd4 27. b5 Be8 28. Rfe1 Rxc4 29. Rxe5 Rxh4 30. Rc1 Rhf4 31. f3 Kg8 32. Rc7 R4f7 33. Rc8 Bd7 34. Rc7 Be8 35. Rc3 Rd7 36. Ne4 Bg6 37. Nc5 Rc7 38. Na4 Rxc3 39. Nxc3 Rc8 40. Nd5 Kf8 41. Nf4 Bf7 42. a4 Rd8 43. a5 Rd4 44. g3 Ra4 45. b6 axb6 46. axb6 Rb4 47. Rc5 Rxb6 48. Rc8+ Ke7 49. Rc7+ Kf6 50. Kf2 g5 51. Ne2 Rb2 52. Ke3 b5 53. Nc3 Rb3 54. Kd2 b4 55. Ne4+ Kg6 56. Rc6+ Kg7 57. Nxg5 Bg6 58. f4 Rxg3 59. Rc7+ Kf6 60. Nxh7+ Bxh7 61. Rxh7 b3 62. Rb7 Rg2+ 63. Kc3 b2 64. Rxb2 Rxb2 65. Kxb2 Kf5 66. Kc3 Kxf4 1/2-1/2


[Site "https://www.chess.com"]

[Event "Titled Tuesday Blitz April 19 Late 2022"]
[White "Janturin, Artur"]
[Black "Bilan, Danila"]
[WhiteFideId "4130022"]
[BlackFideId "24161918"]
[WhiteElo "2395"]
[BlackElo "2164"]
[Result "1-0"]
[Round "10"]
[TimeControl "180+1"]
[Date "2022.04.19"]
[WhiteClock "0:00:05"]
[BlackClock "0:00:03"]

1. b3 d5 2. Bb2 Nf6 3. e3 c5 4. Bb5+ Nc6 5. Nf3 Qb6 6. a4 a6 7. a5 Qc7 8. Bxc6+ Qxc6 9. O-O g6 10. d3 Bg7 11. Nbd2 O-O 12. h3 Bf5 13. Qe2 Rad8 14. Ra4 Rfe8 15. Ne5 Qc7 16. Ndf3 Nd7 17. e4 Nxe5 18. Bxe5 Bxe5 19. exf5 Bc3 20. fxg6 hxg6 21. Ng5 Qe5 22. Qg4 Qg7 23. h4 Rd6 24. g3 Red8 25. Kg2 e6 26. Rh1 e5 27. h5 gxh5 28. Rxh5 Rg6 29. Qh4 e4 30. dxe4 dxe4 31. Nxe4 Rd4 32. Rxd4 Bxd4 33. Rg5 Rxg5 34. Qxg5 Kf8 35. Qd8# 1-0


[Site "https://www.chess.com"]

[Event "Titled Tuesday Blitz April 19 Late 2022"]
[White "Jarocka, Liwia"]
[Black "Ibadov, Dashgyn"]
[WhiteFideId "21807558"]
[BlackFideId "24107514"]
[WhiteElo "1896"]
[BlackElo "2138"]
[Result "0-1"]
[Round "10"]
[TimeControl "180+1"]
[Date "2022.04.19"]
[WhiteClock "0:01:27"]
[BlackClock "0:00:18"]

1. d4 Nf6 2. Nf3 d5 3. g3 e6 4. Bg2 Be7 5. O-O O-O 6. c4 c6 7. Ne5 b6 8. Nc3 Bb7 9. Bf4 Nbd7 10. Rc1 Nxe5 11. Bxe5 dxc4 12. Ne4 b5 13. e3 Nxe4 14. Bxe4 f5 15. Bg2 Bd6 16. b3 Bxe5 17. dxe5 Qxd1 18. Rfxd1 cxb3 19. axb3 Rfd8 20. Rd6 Rxd6 21. exd6 Rc8 22. d7 Rd8 23. Bxc6 Bxc6 24. Rxc6 Kf7 25. Rc7 Ke7 26. Rxa7 Rxd7 27. Ra5 Rb7 28. Kf1 Kd6 29. Ra6+ Kc5 30. Rxe6 Kb4 31. Ke2 Kxb3 32. Re5 g6 33. h4 b4 34. h5 Ka2 35. hxg6 hxg6 36. e4 fxe4 37. Rxe4 b3 38. Ra4+ Kb1 39. Rh4 b2 40. Rh1+ Kc2 41. Kf3 b1=Q 42. Rxb1 Rxb1 43. Kg4 Kd3 44. f4 Ke4 45. Kg5 Rg1 46. g4 Kf3 0-1


[Site "https://www.chess.com"]

[Event "Titled Tuesday Blitz April 19 Late 2022"]
[White "Jaskolka, Tomasz"]
[Black "Lopez, Henry"]
[WhiteFideId "1170791"]
[BlackFideId "5203830"]
[WhiteElo "2073"]
[BlackElo "2177"]
[Result "1-0"]
[Round "10"]
[TimeControl "180+1"]
[Date "2022.04.19"]
[WhiteClock "0:01:57"]
[BlackClock "0:01:54"]

1. d4 Nf6 2. Bf4 d5 3. e3 c5 4. c3 Nc6 5. Nd2 Bf5 6. Ngf3 e6 7. Qa4 Nd7 8. Bb5 Qb6 9. Ne5 Ndxe5 10. Bxe5 a6 11. Bxc6+ bxc6 12. dxc5 Qxc5 13. O-O Qb5 14. Qf4 f6 15. Bd6 Qxb2 16. Nb3 Bg6 17. Bxf8 1-0


[Site "https://www.chess.com"]

[Event "Titled Tuesday Blitz April 19 Late 2022"]
[White "Jimenez Fernandez, Rebeca"]
[Black "Mangialardo, Tiago Carvalho"]
[WhiteFideId "32070934"]
[BlackFideId "2130718"]
[WhiteElo "1853"]
[BlackElo "2056"]
[Result "1-0"]
[Round "10"]
[TimeControl "180+1"]
[Date "2022.04.19"]
[WhiteClock "0:01:20"]
[BlackClock "0:00:02"]

1. e4 e5 2. d4 exd4 3. Qxd4 Nc6 4. Qe3 Be7 5. Nc3 d6 6. Bd2 Nf6 7. O-O-O O-O 8. h3 a6 9. f4 b5 10. g4 Ne8 11. Nd5 Bb7 12. Nf3 Nb8 13. h4 Bxd5 14. exd5 Nf6 15. Bc3 Nxg4 16. Qd2 Bf6 17. Rg1 Bxc3 18. Qxc3 Nf6 19. Nd4 Ne4 20. Qf3 Re8 21. Bd3 Nc5 22. Nf5 Nxd3+ 23. Qxd3 g6 24. Qd4 f6 25. h5 Kf7 26. hxg6+ hxg6 27. Nh6+ Kg7 28. Rxg6+ Kxg6 29. Rg1+ Kh7 30. Qd3+ Kh8 31. Nf7# 1-0


[Site "https://www.chess.com"]

[Event "Titled Tuesday Blitz April 19 Late 2022"]
[White "Kamsky, Gata"]
[Black "Kozak, Adam"]
[WhiteFideId "2000024"]
[BlackFideId "753246"]
[WhiteElo "2645"]
[BlackElo "2459"]
[Result "0-1"]
[Round "10"]
[TimeControl "180+1"]
[Date "2022.04.19"]
[WhiteClock "0:00:05"]
[BlackClock "0:00:06"]

1. e4 c5 2. Nf3 d6 3. d4 cxd4 4. Qxd4 Nf6 5. c4 Nc6 6. Qe3 Bg4 7. Be2 g6 8. O-O Bg7 9. Nc3 O-O 10. Rb1 Rc8 11. b3 a6 12. Bb2 Bxf3 13. Bxf3 Nd7 14. Rfd1 Qb6 15. Qxb6 Nxb6 16. Nd5 Nxd5 17. exd5 Ne5 18. Be2 Nd7 19. Bc1 Nc5 20. Be3 Ne4 21. Rbc1 Nc3 22. Rd2 b5 23. Bf1 Rc7 24. Rdc2 b4 25. a4 bxa3 26. Rxc3 a2 27. Bd2 Rb8 28. Ra1 Bxc3 29. Bxc3 Rxb3 30. Ba5 Rb1 31. Rxa2 Rxc4 32. Bd2 Rd4 33. g3 Rxd5 34. Kg2 Rc5 35. Bxa6 f6 36. Be3 Rc3 37. Be2 Kf7 38. Bf3 Rb5 39. Ra7 h5 40. h4 Ke6 41. Bd4 Rc1 42. Ra8 Rb4 43. Be3 Rc7 44. Ra5 Kf7 45. Ra6 Rb5 46. Ra8 d5 47. Rd8 e6 48. Rh8 Re7 49. Bh6 e5 50. Rf8+ Ke6 51. Rg8 e4 52. Bd1 Kf5 53. Be3 d4 54. Bf4 d3 55. Rd8 Ra7 56. Rd4 Ra1 0-1


[Site "https://www.chess.com"]

[Event "Titled Tuesday Blitz April 19 Late 2022"]
[White "Kanyamarala, Tarun"]
[Black "Sowa, Ryan"]
[WhiteFideId "45004714"]
[BlackFideId "30901693"]
[WhiteElo "2177"]
[BlackElo "2627"]
[Result "0-1"]
[Round "10"]
[TimeControl "180+1"]
[Date "2022.04.19"]
[WhiteClock "0:00:15"]
[BlackClock "0:00:40"]

1. d4 d6 2. Nc3 Nf6 3. e4 c6 4. f4 Qa5 5. Bd3 e5 6. Nf3 exd4 7. Nxd4 g6 8. O-O Bg7 9. Nb3 Qc7 10. f5 Nbd7 11. Bg5 h6 12. Bh4 g5 13. Bg3 Ne5 14. Nd2 O-O 15. Nc4 Nfd7 16. Ne3 Qb6 17. Bf2 Qxb2 18. Ne2 Nxd3 19. cxd3 Qxa1 20. Qxa1 Bxa1 21. Rxa1 Rd8 22. Ng4 Kg7 23. Bd4+ f6 24. Ng3 b6 25. Nh5+ Kf7 26. Nhxf6 Nxf6 27. Nxf6 Ba6 28. Rd1 c5 29. Bb2 Rac8 30. Ng4 h5 31. Nh6+ Ke7 32. Bg7 c4 33. dxc4 Bxc4 34. f6+ Ke8 35. Rf1 Bxf1 36. f7+ Ke7 37. f8=Q+ Rxf8 38. Bxf8+ Rxf8 39. Nf5+ Rxf5 0-1


[Site "https://www.chess.com"]

[Event "Titled Tuesday Blitz April 19 Late 2022"]
[White "Kanyamarala, Trisha"]
[Black "Arnold, Ken"]
[WhiteFideId "45004722"]
[BlackFideId "2056836"]
[WhiteElo "2079"]
[BlackElo "2136"]
[Result "0-1"]
[Round "10"]
[TimeControl "180+1"]
[Date "2022.04.19"]
[WhiteClock "0:00:07"]
[BlackClock "0:00:10"]

1. c4 Nf6 2. Nc3 g6 3. e4 d6 4. Nf3 Bg7 5. d4 O-O 6. Be2 Nc6 7. d5 Ne5 8. Nxe5 dxe5 9. O-O h5 10. h3 Bd7 11. Be3 Kh7 12. Qd2 Ng8 13. f4 exf4 14. Bxf4 Bh6 15. e5 Qc8 16. Bd3 c6 17. e6 fxe6 18. Bxh6 Nxh6 19. Qg5 Rxf1+ 20. Rxf1 Qg8 21. Qxh5 exd5 22. cxd5 Qg7 23. Qg5 Bf5 24. Bxf5 Nxf5 25. dxc6 bxc6 26. Re1 Re8 27. Ne4 Qd4+ 28. Kh1 Kg7 29. Qg4 Qe5 30. Re2 Rf8 31. Kg1 Qd4+ 32. Kh2 Nd6 33. Ng3 Qxg4 34. hxg4 Rf7 35. Re5 Nc4 36. Rc5 Nxb2 37. Rxc6 Nd3 38. Ra6 e5 39. Kg1 Rf2 40. Ne4 Re2 41. Rxa7+ Kf8 42. Nc3 Rc2 43. Nd5 Nf4 44. Nf6 Rxg2+ 45. Kf1 Rb2 46. Ne4 Ke8 47. a4 Ra2 48. a5 Kd8 49. a6 Kc8 50. Nd6+ Kb8 51. Rb7+ Ka8 52. a7 Rxa7 53. Rxa7+ Kxa7 54. Kf2 Kb6 55. Kf3 Kc5 56. Nf7 Kd5 57. Nh8 Ke6 58. Ke4 Kf6 59. g5+ Kg7 60. Nxg6 Nxg6 61. Kf5 Kf7 62. Ke4 Ke6 63. Ke3 Kf5 64. Kf3 Kxg5 65. Ke4 Kf6 66. Kd5 Kf5 67. Kd6 Kf4 68. Kd5 e4 69. Kd4 Kf3 0-1


[Site "https://www.chess.com"]

[Event "Titled Tuesday Blitz April 19 Late 2022"]
[White "Karttunen, Mika"]
[Black "Bibasa, Bob"]
[WhiteFideId "502081"]
[BlackFideId "10000240"]
[WhiteElo "2343"]
[BlackElo "2056"]
[Result "1/2-1/2"]
[Round "10"]
[TimeControl "180+1"]
[Date "2022.04.19"]
[WhiteClock "0:00:02"]
[BlackClock "0:00:16"]

1. e4 c5 2. Nf3 d6 3. d4 cxd4 4. Nxd4 Nf6 5. Nc3 a6 6. Bg5 Nbd7 7. f4 Qc7 8. Qf3 h6 9. Bh4 g5 10. Bg3 gxf4 11. Bxf4 e5 12. O-O-O exd4 13. Rxd4 Ne5 14. Bxe5 dxe5 15. Qxf6 exd4 16. Nd5 Qd6 17. Qxh8 Be6 18. Qf6 Bxd5 19. Qxd6 Bxd6 20. exd5 Bf4+ 21. Kd1 O-O-O 22. Bc4 b5 23. Bb3 Be3 24. Rf1 Rd7 25. Rf6 Kb7 26. Ke2 a5 27. a4 b4 28. Bc4 Re7 29. d6 Rd7 30. Bb5 Bg5 31. Bxd7 Bxf6 32. Be8 Be5 33. d7 Kc7 34. h3 f6 35. g4 d3+ 36. Kxd3 Bxb2 37. Ke4 Bc1 38. Kf5 Bg5 39. Kg6 Kd8 40. Kh5 Ke7 41. h4 Bf4 42. Kg6 Bg3 43. g5 hxg5 44. h5 Be5 45. Kf5 g4 46. h6 g3 47. h7 g2 48. h8=Q g1=Q 49. Qh7+ Kd8 50. Qh3 Qf2+ 51. Ke6 Qxc2 52. Qf3 Qc4+ 53. Kf5 Qc2+ 54. Ke6 Qc4+ 55. Kf5 Qc2+ 56. Ke6 1/2-1/2


[Site "https://www.chess.com"]

[Event "Titled Tuesday Blitz April 19 Late 2022"]
[White "Karwowski, Kacper"]
[Black "Kujawski, Adam"]
[WhiteFideId "1126032"]
[BlackFideId "1100920"]
[WhiteElo "2261"]
[BlackElo "2053"]
[Result "0-1"]
[Round "10"]
[TimeControl "180+1"]
[Date "2022.04.19"]
[WhiteClock "0:00:03"]
[BlackClock "0:00:10"]

1. e4 e5 2. Nf3 Nc6 3. d4 exd4 4. Nxd4 Bb4+ 5. c3 Bc5 6. Nxc6 bxc6 7. Bc4 Qh4 8. O-O Nf6 9. g3 Qh3 10. Qf3 O-O 11. Bf4 d5 12. exd5 cxd5 13. Bd3 Bg4 14. Qg2 Qh5 15. Re1 Bf3 16. Qf1 Ng4 17. h3 Bxf2+ 18. Qxf2 Nxf2 19. Kxf2 Be4 20. Bxe4 dxe4 21. Rxe4 Rfe8 22. Nd2 Rxe4 23. Nxe4 f5 24. Ng5 h6 25. Ne6 g5 26. Be5 Qe8 27. Nxc7 Qxe5 28. Nxa8 Qc5+ 29. Kf1 Qc6 30. Nb6 Qxb6 31. b4 Qe3 32. Rb1 Qxc3 33. b5 Qd3+ 34. Kf2 Qxb1 35. Kf3 Qxa2 36. b6 axb6 0-1


[Site "https://www.chess.com"]

[Event "Titled Tuesday Blitz April 19 Late 2022"]
[White "Kazakouski, Valery"]
[Black "Rytenko, Vsevolod"]
[WhiteFideId "13507443"]
[BlackFideId "14133040"]
[WhiteElo "2524"]
[BlackElo "2120"]
[Result "1/2-1/2"]
[Round "10"]
[TimeControl "180+1"]
[Date "2022.04.19"]
[WhiteClock "0:00:06"]
[BlackClock "0:00:09"]

1. d4 d5 2. c4 c6 3. Nf3 Nf6 4. Qc2 g6 5. Bf4 Bf5 6. Qb3 Bg7 7. Qxb7 Nbd7 8. Nc3 O-O 9. e3 Nh5 10. Bc7 Qc8 11. Qxc8 Rfxc8 12. Ba5 Rab8 13. O-O-O Nhf6 14. c5 e5 15. Ba6 Re8 16. Bc7 exd4 17. Nxd4 Rb4 18. Nxc6 Rg4 19. Bg3 Nxc5 20. Be2 Rc4 21. Bxc4 dxc4 22. Nxa7 Ra8 23. Nab5 Nfe4 24. Rd5 Nd3+ 25. Rxd3 cxd3 26. a3 Nxc3 27. bxc3 Bd7 28. Nd4 Rxa3 29. Kd2 Bf5 30. Nxf5 Bxc3+ 31. Kxd3 gxf5 32. Ke2 Kg7 33. Kf3 Kg6 34. Rd1 f6 35. Rd7 Ra6 36. Rc7 Be5 37. Bxe5 fxe5 38. Re7 Kf6 39. Re8 e4+ 40. Kf4 Ra2 41. Rf8+ Kg7 42. Rxf5 Rxf2+ 43. Kxe4 Rxg2 44. h4 Rg4+ 45. Rf4 Rg1 46. Kf5 Kf7 47. e4 Re1 48. Kg5+ Ke6 49. Kh6 Ke5 50. Rg4 Rxe4 51. Rxe4+ Kxe4 52. Kxh7 Kf5 53. h5 Kf6 54. h6 Kf7 55. Kh8 Kf8 56. Kh7 Kf7 57. Kh8 Kf8 58. Kh7 Kf7 1/2-1/2


[Site "https://www.chess.com"]

[Event "Titled Tuesday Blitz April 19 Late 2022"]
[White "Kohler, Aran"]
[Black "Bachmann, Axel"]
[WhiteFideId "1002856"]
[BlackFideId "3700488"]
[WhiteElo "2292"]
[BlackElo "2587"]
[Result "0-1"]
[Round "10"]
[TimeControl "180+1"]
[Date "2022.04.19"]
[WhiteClock "0:00:01"]
[BlackClock "0:00:04"]

1. e4 c5 2. Nf3 d6 3. d4 cxd4 4. Nxd4 Nf6 5. Nc3 a6 6. Bg5 Qa5 7. Bxf6 gxf6 8. Qd2 Nd7 9. Nd5 Qxd2+ 10. Kxd2 Kd8 11. Bd3 e6 12. Ne3 h5 13. Ke2 Bh6 14. g3 Ne5 15. f4 Ng4 16. Nc4 Kc7 17. h3 b5 18. Nd2 e5 19. Nf5 exf4 20. hxg4 fxg3 21. Rxh5 Bxf5 22. exf5 Rae8+ 23. Kd1 Re3 24. Be4 d5 25. Bg2 Rhe8 26. Nf3 Bf4 27. Rh1 d4 28. a4 d3 29. cxd3 Rxd3+ 30. Kc2 Rd5 31. Rhe1 Rc5+ 32. Kb3 bxa4+ 33. Kb4 Rb5+ 34. Ka3 Bd6+ 35. Ka2 Reb8 36. Rab1 Rb3 37. Rec1+ Kd7 38. Rc3 R3b5 39. Rd3 a3 40. b3 a5 41. Rbd1 R8b6 42. Nd4 Rb4 43. Ne2 a4 44. Rb1 Re4 45. Nxg3 Rxg4 46. Rbd1 Kc7 47. Rxd6 Rxd6 48. Rxd6 Kxd6 49. Ne4+ Ke5 50. Bf3 Rf4 51. Bh1 Rxf5 52. Nc3 Rf1 53. Bc6 Rf2+ 54. Kxa3 axb3 55. Kxb3 f5 56. Be8 f6 57. Bh5 f4 58. Kc4 Rh2 59. Bf3 Rh3 60. Bb7 f3 61. Nd1 Rh4+ 62. Kd3 Rd4+ 63. Kc2 Kf4 64. Nf2 Rc4+ 65. Kd2 Rc7 66. Ba6 Rd7+ 67. Bd3 Kg3 68. Ne4+ Kg2 69. Nxf6 Rd4 70. Ke3 f2 71. Kxd4 f1=Q 72. Ne4 Qa1+ 73. Ke3 Qa7+ 74. Kd2 Kf3 0-1


[Site "https://www.chess.com"]

[Event "Titled Tuesday Blitz April 19 Late 2022"]
[White "Kollars, Dmitrij"]
[Black "Vlassov, Nikolai"]
[WhiteFideId "12909572"]
[BlackFideId "4103360"]
[WhiteElo "2584"]
[BlackElo "2407"]
[Result "1/2-1/2"]
[Round "10"]
[TimeControl "180+1"]
[Date "2022.04.19"]
[WhiteClock "0:00:05"]
[BlackClock "0:00:05"]

1. d4 Nf6 2. Nf3 e6 3. c4 Nc6 4. g3 Bb4+ 5. Bd2 a5 6. Bg2 d6 7. Nc3 e5 8. a3 Bxc3 9. Bxc3 Ne4 10. Qc2 Nxc3 11. Qxc3 Qe7 12. O-O O-O 13. e3 Bg4 14. h3 Bh5 15. Rae1 a4 16. Nd2 Rfe8 17. d5 Nb8 18. g4 Bg6 19. f4 exf4 20. exf4 Qxe1 21. Rxe1 Rxe1+ 22. Kf2 Re7 23. f5 Nd7 24. fxg6 hxg6 25. Bf3 Nc5 26. Qd4 Rae8 27. h4 Re1 28. h5 gxh5 29. gxh5 R8e5 30. h6 gxh6 31. Qg4+ Kh7 32. Qc8 Nd3+ 33. Kg3 Rg5+ 34. Kh2 Ne5 35. Qxc7 Nxf3+ 36. Nxf3 Re2+ 37. Kh3 Rf5 38. Nd4 Re3+ 39. Kg2 Rf4 40. c5 Ree4 41. Nf3 Re3 42. Ng1 Re5 43. cxd6 Rg5+ 44. Kh2 Rf2+ 45. Kh3 Rfg2 46. Qxf7+ Kh8 47. Qf8+ Kh7 48. Qe7+ Kh8 49. Qe3 Rxg1 50. Qd4+ Kh7 51. Qe4+ Kg7 52. Qe7+ Kg6 53. Qe8+ Kg7 54. Qe7+ Kg6 55. Qe6+ Kg7 56. Qe7+ 1/2-1/2


[Site "https://www.chess.com"]

[Event "Titled Tuesday Blitz April 19 Late 2022"]
[White "Korchmar, Vasiliy"]
[Black "Migot, Tangi"]
[WhiteFideId "24131750"]
[BlackFideId "662445"]
[WhiteElo "2370"]
[BlackElo "2548"]
[Result "1-0"]
[Round "10"]
[TimeControl "180+1"]
[Date "2022.04.19"]
[WhiteClock "0:00:34"]
[BlackClock "0:00:01"]

1. d4 Nf6 2. Bf4 g6 3. Nc3 d5 4. e3 c6 5. h4 Bg7 6. h5 Nxh5 7. Rxh5 gxh5 8. Qxh5 Nd7 9. O-O-O Nf6 10. Qh2 h5 11. Bd3 Ng4 12. Qg3 h4 13. Qf3 e5 14. dxe5 Nxe5 15. Bxe5 Bxe5 16. Nge2 Qf6 17. Nf4 Bd7 18. Ncxd5 cxd5 19. Qxd5 Bc6 20. Qa5 Bxf4 21. exf4 Qxf4+ 22. Kb1 Rh6 23. Bf5 Rd6 24. Re1+ Kf8 25. Qc3 Qd4 26. Qa3 Re8 27. Rc1 Re5 28. Bd3 Qc5 29. Qb3 Bd5 30. Qa4 Bc6 31. Qxh4 Rh5 32. Qg4 Qg5 33. Qb4 Qc5 34. Qg4 Rg5 35. Qh4 Ke8 36. Re1+ Re6 37. Rd1 Qe5 38. Bc4 Rh5 39. Qg4 Rd6 40. Rxd6 Rh1+ 41. Rd1 1-0


[Site "https://www.chess.com"]

[Event "Titled Tuesday Blitz April 19 Late 2022"]
[White "Kosteniuk, Alexandra"]
[Black "Timofeev, Artyom"]
[WhiteFideId "4128125"]
[BlackFideId "4140419"]
[WhiteElo "2469"]
[BlackElo "2594"]
[Result "1-0"]
[Round "10"]
[TimeControl "180+1"]
[Date "2022.04.19"]
[WhiteClock "0:00:40"]
[BlackClock "0:00:15"]

1. e4 c5 2. Nf3 Nc6 3. Bb5 d6 4. c3 Bd7 5. O-O a6 6. Bc4 Nf6 7. Re1 b5 8. Bf1 e5 9. a4 b4 10. d4 bxc3 11. bxc3 cxd4 12. cxd4 Be7 13. Nc3 O-O 14. Ba3 Bg4 15. dxe5 Nxe5 16. Be2 Bxf3 17. Bxf3 Rc8 18. Nd5 Nxd5 19. Qxd5 Nxf3+ 20. gxf3 Rc3 21. Kg2 Qc7 22. Red1 a5 23. Rac1 h6 24. e5 Rxc1 25. Rxc1 Qd7 26. exd6 Bg5 27. Rc4 Rd8 28. Qb5 Qe6 29. h4 Bf6 30. Re4 Qa2 31. Bc5 Qc2 32. d7 Kh7 33. Bb6 Bxh4 34. Qf5+ 1-0


[Site "https://www.chess.com"]

[Event "Titled Tuesday Blitz April 19 Late 2022"]
[White "Koutlas, Nikolaos"]
[Black "Ezat, Mohamed"]
[WhiteFideId "25827138"]
[BlackFideId "10600906"]
[WhiteElo "1645"]
[BlackElo "2386"]
[Result "1-0"]
[Round "10"]
[TimeControl "180+1"]
[Date "2022.04.19"]
[WhiteClock "0:00:10"]
[BlackClock "0:00:14"]

1. e3 e5 2. d4 exd4 3. exd4 Nf6 4. Nf3 Be7 5. Bd3 O-O 6. O-O d5 7. Re1 Bg4 8. h3 Bh5 9. Nbd2 c5 10. c3 Nc6 11. dxc5 Bxc5 12. Nf1 Ne4 13. Be3 Bxe3 14. Nxe3 Re8 15. Be2 Qb6 16. Nxd5 Qxf2+ 17. Kh2 Qg3+ 18. Kg1 Nf2 19. Qd2 Nxh3+ 20. Kh1 Nf2+ 21. Kg1 Rad8 22. Bc4 Bxf3 23. Rxe8+ Rxe8 24. Qxf2 Qxf2+ 25. Kxf2 Bxd5 26. Bxd5 Rd8 27. c4 Kf8 28. Ke3 Ne7 29. Bxb7 Rb8 30. Be4 f5 31. Bf3 Rxb2 32. Rc1 Ke8 33. c5 Kd7 34. a4 Kc7 35. Kf4 Rb4+ 36. Ke5 Rxa4 37. Rb1 Nc6+ 38. Kxf5 Rc4 39. Ke6 Rxc5 40. Kf7 Rg5 41. Rc1 Rg6 42. Be4 Rd6 43. Kxg7 h5 44. g3 a5 45. Rc5 Kb6 46. Rxh5 a4 47. g4 a3 48. g5 a2 49. Rh1 Nb4 50. g6 Rd4 51. Bf5 Rf4 52. Kf6 Rf2 53. g7 Nd5+ 54. Ke5 Ne7 55. Be6 Rg2 56. Kf6 Kc5 57. Bxa2 Rg6+ 58. Kxe7 Rxg7+ 59. Bf7 Rg2 60. Kf6 Rd2 61. Bg6 Kd6 62. Bf5 Rf2 63. Rh8 Rd2 64. Rd8+ Kc5 65. Rxd2 Kc4 66. Re2 Kc3 67. Re6 Kc4 68. Ke5 Kc3 69. Rd6 Kb4 70. Be4 Kc5 71. Rd5+ Kb4 72. Kd4 Kb3 73. Rc5 Ka3 74. Rb5 Ka4 75. Kc4 Ka3 76. Kc3 Ka4 77. Bd3 Ka3 78. Ra5# 1-0


[Site "https://www.chess.com"]

[Event "Titled Tuesday Blitz April 19 Late 2022"]
[White "Koziorowicz, Michal"]
[Black "Petrovskyi, Vadym"]
[WhiteFideId "21809194"]
[BlackFideId "14165210"]
[WhiteElo "2235"]
[BlackElo "2400"]
[Result "1-0"]
[Round "10"]
[TimeControl "180+1"]
[Date "2022.04.19"]
[WhiteClock "0:01:25"]
[BlackClock "0:00:33"]

1. e4 c5 2. Nf3 d6 3. Bb5+ Bd7 4. Bxd7+ Qxd7 5. O-O Nf6 6. Re1 Nc6 7. c3 e6 8. d4 cxd4 9. cxd4 d5 10. e5 Ne4 11. Nbd2 Nxd2 12. Bxd2 Be7 13. Rc1 O-O 14. a3 Rfc8 15. Rc3 Rab8 16. h4 b5 17. Rd3 a5 18. Ng5 h6 19. Nh3 b4 20. Qh5 bxa3 21. Bxh6 g6 22. Rg3 Kh7 23. Qf3 Qe8 24. Ng5+ Bxg5 25. hxg5 axb2 26. Qf6 1-0


[Site "https://www.chess.com"]

[Event "Titled Tuesday Blitz April 19 Late 2022"]
[White "Lehtosaari, Mauri"]
[Black "Romero Ruscalleda, Josep"]
[WhiteFideId "501999"]
[BlackFideId "2231859"]
[WhiteElo "2442"]
[BlackElo "2296"]
[Result "0-1"]
[Round "10"]
[TimeControl "180+1"]
[Date "2022.04.19"]
[WhiteClock "0:02:00"]
[BlackClock "0:01:21"]

1. d4 g6 2. Nf3 Bg7 3. Bg5 d6 4. c3 Nd7 5. e3 b6 6. Bc4 Ngf6 7. Qb3 O-O 8. h4 c6 9. Nbd2 d5 10. Bd3 c5 11. Qa4 a6 12. Ne5 b5 13. Qd1 Qc7 14. f4 Nxe5 15. fxe5 Ng4 16. h5 f6 17. exf6 Qg3+ 0-1


[Site "https://www.chess.com"]

[Event "Titled Tuesday Blitz April 19 Late 2022"]
[White "Lin, Dachey"]
[Black "Aroesti, Roee"]
[WhiteFideId "2029650"]
[BlackFideId "2817144"]
[WhiteElo "2313"]
[BlackElo "2068"]
[Result "1-0"]
[Round "10"]
[TimeControl "180+1"]
[Date "2022.04.19"]
[WhiteClock "0:00:05"]
[BlackClock "0:00:01"]

1. Nc3 d5 2. e4 dxe4 3. Nxe4 e5 4. Bc4 Nc6 5. d3 h6 6. Nf3 Nf6 7. Ng3 Bc5 8. O-O O-O 9. Re1 Re8 10. c3 a6 11. h3 Qd6 12. Nh4 e4 13. d4 Bb6 14. Nhf5 Bxf5 15. Nxf5 Qd7 16. Ng3 Rad8 17. b4 Ne5 18. Be2 Ng6 19. Be3 Nd5 20. Qd2 f5 21. Bc4 Kh7 22. Nh5 Rf8 23. f4 exf3 24. gxf3 c6 25. Bf2 Bc7 26. Bf1 Qd6 27. Bg3 f4 28. Bh2 Rf5 29. c4 Ne3 30. Qd3 Rxh5 31. Rxe3 Rg5+ 32. Kh1 Qxd4 33. Qxd4 Rxd4 34. Re8 a5 35. a3 a4 36. Rae1 Rd2 37. Bg1 Nh4 38. Be2 Rg2 39. Bc5 Rdxe2 40. R8xe2 Rxe2 41. Rxe2 Nxf3 42. Re7 1-0


[Site "https://www.chess.com"]

[Event "Titled Tuesday Blitz April 19 Late 2022"]
[White "Lock, Gavin R"]
[Black "Saldano Dayer, Horacio"]
[WhiteFideId "408646"]
[BlackFideId "103411"]
[WhiteElo "2104"]
[BlackElo "2419"]
[Result "1-0"]
[Round "10"]
[TimeControl "180+1"]
[Date "2022.04.19"]
[WhiteClock "0:00:10"]
[BlackClock "0:00:06"]

1. d4 d6 2. Nc3 Nf6 3. e4 e5 4. Nf3 Nbd7 5. Bc4 Be7 6. O-O Nb6 7. Be2 exd4 8. Nxd4 O-O 9. a4 a5 10. Be3 Re8 11. Qd2 Bf8 12. f3 d5 13. Ndb5 c6 14. Na3 Bb4 15. Rad1 Nbd7 16. Kh1 dxe4 17. Bg5 h6 18. Bh4 e3 19. Qd3 Qe7 20. Nc4 Nc5 21. Qd6 Be6 22. Qxe7 Rxe7 23. Nb6 Rae8 24. Nb1 Ncd7 25. Nxd7 Rxd7 26. Bxf6 gxf6 27. Rxd7 Bxd7 28. Rd1 Bf5 29. c3 Bc5 30. g4 Bc2 31. Rc1 Bxb1 32. Rxb1 Rd8 33. Rd1 Rd2 34. Rxd2 exd2 35. Kg2 Bd6 36. h3 Bf4 37. Bd1 Kf8 38. Kf1 Ke7 39. Ke2 f5 40. Kd3 Kf6 41. Kc4 Ke5 42. b4 fxg4 43. hxg4 axb4 44. cxb4 f5 45. b5 cxb5+ 46. axb5 b6 47. Be2 Be3 48. Bd1 Kf4 49. Kd3 fxg4 50. fxg4 Bc5 51. Be2 Bb4 52. Bd1 Ba5 53. Be2 Ke5 54. Bd1 Kd5 55. Be2 Kc5 56. Kc2 Kd4 57. Bd1 Ke3 58. Kb3 Kf2 59. Kc2 Ke1 60. Bf3 Kf2 61. Bd1 Ke1 62. Bf3 h5 63. gxh5 d1=Q+ 64. Bxd1 Bd2 65. Bf3 Bh6 66. Bc6 Kf2 67. Kd3 Kg3 68. Ke4 Kh4 69. Be8 Bd2 70. Kf5 Bh6 71. Kg6 Be3 72. h6 Bd4 73. h7 Kg4 74. Kf7 Kg5 75. Kg8 Kh6 76. h8=Q+ Bxh8 77. Kxh8 1-0


[Site "https://www.chess.com"]

[Event "Titled Tuesday Blitz April 19 Late 2022"]
[White "Martinez Reyes, Pedro Ramon"]
[Black "Bilych, Olexiy"]
[WhiteFideId "3901807"]
[BlackFideId "14156504"]
[WhiteElo "2410"]
[BlackElo "2176"]
[Result "0-1"]
[Round "10"]
[TimeControl "180+1"]
[Date "2022.04.19"]
[WhiteClock "0:00:04"]
[BlackClock "0:00:08"]

1. g4 d5 2. Bg2 Bxg4 3. c4 c6 4. cxd5 cxd5 5. Qb3 Nf6 6. Nc3 e6 7. Qxb7 Nbd7 8. Nf3 Bc5 9. d4 Rb8 10. Qc6 Rc8 11. Qa4 Bd6 12. Ne5 O-O 13. f4 Bf5 14. O-O Bb8 15. Be3 Nxe5 16. fxe5 Ng4 17. Bf4 Qb6 18. h3 Rc4 19. hxg4 Rxa4 20. Nxa4 Qxd4+ 21. e3 Qxa4 22. gxf5 exf5 23. Bxd5 Qa5 24. Rad1 Re8 25. Bc6 Rc8 26. Rd5 Qb6 27. Rfd1 h6 28. Bd7 Rd8 29. Bxf5 Rxd5 30. Rxd5 g6 31. Be4 Qxb2 32. Rd8+ Kg7 33. e6 Bxf4 34. e7 Bxe3+ 35. Kh1 Qc1+ 36. Kg2 Qg1+ 37. Kh3 Qf1+ 38. Bg2 Qf5+ 39. Kh2 Qe5+ 40. Kh1 Qxe7 41. Rd3 Qh4+ 42. Bh3 Qxh3# 0-1


[Site "https://www.chess.com"]